 Dungeon Crawl Stone Soup version 0.29-a0-330-g52719c12eb (webtiles) character file.

Game seed: 6232932052260005943

125 Aelig the Firebug (level 4, -6/33 HPs)
             Began as a Demigod Fire Elementalist on May 8, 2022.
             Killed from afar by an orc wizard (12 damage)
             ... with a puff of flame
             ... on level 3 of the Dungeon.
             The game lasted 00:05:56 (2030 turns).

Aelig the Firebug (Demigod Fire Elementalist)       Turns: 2030, Time: 00:05:57

Health: -6/33      AC:  2    Str:  9    XL:     4   Next: 53%
Magic:  4/9        EV: 12    Int: 21    God:
Gold:   128        SH:  0    Dex: 14    Spells: 3/6 levels left

rFire   . . .      SeeInvis .   e - +0 spear
rCold   + . .      Faith    .   (no shield)
rNeg    . . .      Spirit   .   a - +0 robe
rPois   .          Reflect  .   (no helmet)
rElec   .          Harm     .   (no cloak)
rCorr   .          Rampage  .   (no gloves)
Will    .....                   (no boots)
Stlth   ++........              (no amulet)
HPRegen 0.11/turn               m - ring of protection from cold
MPRegen 0.11/turn               (no ring)

@: on berserk cooldown, attractive, slowed, studying Shields, very slow
A: high MP 1, forlorn, divine attributes
a: no special abilities


You were on level 3 of the Dungeon.
You visited 1 branch of the dungeon, and saw 3 of its levels.

You collected 128 gold pieces.

Inventory:

Hand Weapons
 e - a +0 spear (weapon)
 n - a +0 hunting sling
Missiles
 c - 111 stones (quivered)
Armour
 a - a +0 robe (worn)
Jewellery
 m - a ring of protection from cold (left hand)
Scrolls
 d - 5 scrolls of identify {unknown}
 h - a scroll of holy word {unknown}
 i - a scroll of enchant armour {unknown}
 k - a scroll of teleportation {unknown}
 o - 2 scrolls of enchant weapon {unknown}
 q - a scroll of blinking {unknown}
 r - a scroll of magic mapping {unknown}
Potions
 b - a potion of magic
 g - a potion of attraction
 j - a potion of lignification {unknown}
 l - a potion of might {unknown}
 p - a potion of heal wounds {unknown}
 s - a potion of berserk rage


   Skills:
 - Level 1.7 Dodging
 - Level 1.7 Stealth
 - Level 1.7 Spellcasting
 + Level 3.0 Conjurations
 + Level 4.0 Fire Magic


You had 3 spell levels left.
You knew the following spells:

 Your Spells              Type           Power      Damage    Failure   Level
a - Foxfire               Conj/Fire      64%        2x1d7     3%          1
b - Scorch                Fire           38%        2d7       4%          2

Your spell library contained the following spells:

 Spells                   Type           Power      Damage    Failure   Level
 Conjure Flame            Conj/Fire      16%        6-21      11%         3
 Inner Flame              Hex/Fire       10%        N/A       21%         3
 Gell's Gravitas          Tloc           1%         N/A       41%         3
 Lesser Beckoning         Tloc           1%         N/A       41%         3
 Teleport Other           Tloc           1%         N/A       41%         3
 Flame Wave               Conj/Fire      16%        2d6       34%         4


Dungeon Overview and Level Annotations

Branches:
Dungeon (3/15)


Innate Abilities, Weirdness & Mutations

You have an increased reservoir of magic. (+10% MP)
You shall have no god before yourself.
Your divine heritage dramatically boosts your attributes as you level up.


Message History

You are exhausted.
You feel yourself slow down. Something hits you.
You completely miss something.
You hear some strange, mumbled words.
A magic dart appears from out of thin air!
The magic dart hits you.
You bump into the rock wall.
Something hits you but does no damage. Something hits you.
You bump into the rock wall.
Something hits you.
You barely miss something. Something hits you. x2
You hit something but do no damage.
You feel less confused. Something hits you. x2
It was a potion of curing.
You feel better. Something hits you but does no damage.
You hear some strange, mumbled words.
A puff of flame appears from out of thin air!
The puff of flame hits you!
* * * LOW HITPOINT WARNING * * *
Casting: Scorch (safe; 4% risk of failure)
Confirm with . or Enter, or press ? or * to list all spells.
You conjure some foxfire!
You hear some strange, mumbled words.
A puff of flame appears from out of thin air!
The puff of flame misses you. The puff of flame hits your foxfire.
Your foxfire completely resists.
Your foxfire dissipates!
The foxfire hits something.
Something hits you.
* * * LOW HITPOINT WARNING * * *
Casting: Foxfire (safe; 3% risk of failure)
Confirm with . or Enter, or press ? or * to list all spells.
You conjure some foxfire!
Something hits you but does no damage.
Your foxfire dissipates!
Something hits you.
* * * LOW HITPOINT WARNING * * *
Something hits you but does no damage.
You hear some strange, mumbled words.
A puff of flame appears from out of thin air!
The puff of flame hits you!
You die...

##.#...#.#########.#
##................#
#....#.###########
##†###.# #.# #.#
#####.###.#
#.........#
.#######.###.#####
.........###@#
..#......{..#
#.######### #


There were no monsters in sight!

Vanquished Creatures
  A phantom (D:3)
  An adder (D:3)
  A worm (D:2)
  5 bats
  An endoplasm (D:1)
  2 giant cockroaches
  6 goblins
  6 hobgoblins
  2 jackals (D:1)
  4 quokkas
  3 ball pythons
  A frilled lizard (D:1)
  5 rats
38 creatures vanquished.

Vanquished Creatures (others)
  87 foxfires
87 creatures vanquished.

Grand Total: 125 creatures vanquished

Notes
Turn   | Place    | Note
-------+----------+-------------------------------------------
     0 | D:1      | Aelig the Demigod Fire Elementalist began the quest for the
                  | Orb.
     0 | D:1      | Reached XP level 1. HP: 14/14 MP: 5/5
    13 | D:1      | Reached skill level 1 in Conjurations
   284 | D:1      | Reached skill level 3 in Fire Magic
   513 | D:1      | Reached XP level 2. HP: 20/20 MP: 2/7
   665 | D:1      | Learned a level 2 spell: Scorch
  1268 | D:2      | Reached XP level 3. HP: 19/26 MP: 6/8
  2000 | D:3      | Noticed a phantom
  2007 | D:3      | Killed a phantom
  2008 | D:3      | Reached skill level 4 in Fire Magic
  2008 | D:3      | Reached XP level 4. HP: 33/33 MP: 3/9
  2030 | D:3      | Killed from afar by an orc wizard

Illustrated notes

Levels and vault maps discovered:
D:1:      dpeg_arrival_orchard, layout_basic, minmay_misc_feat_plants,
          item_on_display_a
D:2:      layout_rooms, basic_ecumenical_altar
D:3:      layout_loops_ring, ebering_ghost_gozag, minmay_pentomino_pile

Skill      XL: |  1  2  3 |
---------------+----------+-----
Conjurations   | 1 2 3 |  3.0
Fire Magic     | 3 4 |  4.0
Dodging        | |  1.7
Stealth        | |  1.7
Spellcasting   | |  1.7

Action                   |  1- 3 |  4- 6 || total
-------------------------+-------+-------++-------
Melee: Spear             |     8 |     4 ||    12
 Fire: Hunting sling     |    12 |       ||    12
 Cast: Foxfire           |    54 |     2 ||    56
       Scorch            |     5 |       ||     5
  Use: Potion            |       |     3 ||     3
Armor: Robe              |     6 |     4 ||    10
Dodge: Dodged            |    32 |     1 ||    33

Table legend: (Time is in decaauts)
 A = Elapsed time spent in this place.
 B = Non-inter-level travel time spent in this place.
 C = Inter-level travel time spent in this place.
 D = Time resting spent in this place.
 E = Time spent auto-exploring this place.
 F = Levels seen in this place.
 G = Mean time per level.
                   A        B        C        D        E       F      G
               +--------+--------+--------+--------+--------+-----+--------+
         Total |   2039 |   1960 |     79 |    470 |    979 |   3 |  679.7 |
       Dungeon |   2039 |   1960 |     79 |    470 |    979 |   3 |  679.7 |
               +--------+--------+--------+--------+--------+-----+--------+

Top non-repeatable levels by time:
     D:1: 954 daAuts
     D:2: 694 daAuts
     D:3: 390 daAuts
